Map: [ESL] Tropical Sacrifice

Players

PattyMac

  • Race: Protoss Protoss
  • Spawn Location: 1:00

Astrea - Winner!

  • Race: Protoss Protoss
  • Spawn Location: 7:00

Event: DreamHack SC2 Masters 2022 Atlanta (Online)

VOD

Have the link to the VOD?

Description

Time

  • Played on: Oct. 4, 2022, 4:45 p.m.
  • Length: 4:18

All games in this series

Show
View Real Time Build Order
Export as new Build Order

PattyMac Protoss 

Build Orders:  

Get SALT Encoding   

  12  0:00  Probe  
  13  0:12  Probe  
  14  0:17  Pylon  
  14  0:24  Probe (Chrono Boost)  
  16  0:37  Gateway, Probe (Chrono Boost)  
  16  0:42  Probe (Chrono Boost)  
  16  0:46  Assimilator  
  17  0:52  Probe (Chrono Boost)  
  17  0:56  Assimilator  
  18  1:04  Probe (Chrono Boost)  
  19  1:09  Gateway  
  19  1:13  Probe (Chrono Boost)  
  20  1:18  Probe  
  21  1:26  Cybernetics Core  
  21  1:30  Probe  
  22  1:37  Pylon  
  22  1:43  Probe  
  23  1:55  Probe  
  24  2:03  Robotics Facility  
  24  2:06  Adept  
  26  2:09  Adept  
  26  2:13  Warp Gate  
  28  2:24  Pylon  
  28  2:38  Stalker  
  28  2:42  Stalker  
  31  2:51  Warp Prism (Chrono Boost)  
  33  3:20  Immortal (Chrono Boost)  
  37  3:48  Gateway  
  37  4:08  Stalker x2  
Show
View Real Time Build Order
Export as new Build Order

Astrea Protoss - Winner!

Build Orders: 1 Gate Expand 

Get SALT Encoding   

  12  0:00  Probe  
  13  0:12  Probe  
  14  0:18  Pylon  
  14  0:24  Probe (Chrono Boost)  
  15  0:36  Probe (Chrono Boost)  
  15  0:39  Gateway  
  16  0:45  Probe (Chrono Boost)  
  16  0:47  Assimilator  
  17  0:51  Probe  
  18  1:03  Probe  
  19  1:15  Probe  
  20  1:24  Nexus  
  20  1:28  Probe  
  21  1:37  Cybernetics Core  
  21  1:44  Assimilator  
  21  1:47  Probe  
  22  1:54  Pylon  
  22  1:59  Probe  
  23  2:12  Probe  
  26  2:17  Stalker (Chrono Boost)  
  26  2:18  Warp Gate  
  26  2:24  Probe  
  26  2:27  Robotics Facility  
  27  2:36  Probe x2  
  30  2:44  Stalker (Chrono Boost)  
  30  2:48  Probe  
  31  2:54  Gateway  
  31  3:05  Shield Battery  
  31  3:06  Shield Battery  
  31  3:17  Immortal (Chrono Boost)  
  35  3:28  Probe x2  
  35  3:45  Probe  
  35  3:48  Probe  
  38  3:57  Probe  
  39  4:11  Stalker x2  
Tags
 
Add a new tag
Caveats
  • Supply blocks, unpowered buildings, or Contaminate may cause inaccurate times.
  • Supply counts are checked every 10 seconds.